 Dungeon Crawl Stone Soup version 0.25-a0-697-g890751e744 (webtiles) character file.

Game seed: 4356857542389485246, levelgen mode: deterministic

7180 Armakuni the Carver (level 11, -22/129 HPs)
             Began as a Human Wanderer on Apr 1, 2020.
             Was an Initiate of Gozag.
             Annihilated by a tentacled starspawn (31 damage)
             ... on level 3 of the Abyss.
             The game lasted 00:29:03 (8987 turns).

Armakuni the Carver (Human Wanderer)                Turns: 8987, Time: 00:29:04

Health: -22/129    AC: 16    Str: 15    XL:     11   Next: 32%
Magic:  14/14      EV: 10    Int: 13    God:    Gozag
Gold:   302        SH: 10    Dex: 11    Spells: 10/10 levels left

rFire    . . .     SeeInvis +   o - +7 scimitar "Doumpuf" {speed, *Contam rN+ MR+ Int+2}
rCold    . . .     Gourm    .   K - +0 kite shield {rN+}
rNeg     + + .     Faith    .   c - +5 scale mail
rPois    .         Spirit   .   F - +0 helmet
rElec    .         Reflect  .   h - +0 cloak {+Inv}
rCorr    .         Harm     .   n - +0 pair of gloves
MR       +....                  (no boots)
Stlth    ..........             (no amulet)
HPRegen  0.31/turn              (no ring)
MPRegen  0.14/turn              I - ring of see invisible

@: berserking, about to teleport, stab, very slightly contaminated, invisible,
very quick
A: [clumsy 2], [screaming 2]
a: Potion Petition, Call Merchant, Bribe Branch, Renounce Religion


You were on level 3 of the Abyss.
You worshipped Gozag.
Gozag was aware of your devotion.
You were hungry.

You visited 2 branches of the dungeon, and saw 10 of its levels.
You visited the Abyss 1 time.

You collected 1505 gold pieces.
You spent 713 gold pieces at shops.
You paid 490 gold pieces to Gozag.

Inventory:

Hand Weapons
 a - a +5 long sword of distortion
 l - a +3 scimitar of flaming
 o - the +7 scimitar "Doumpuf" (weapon) {speed, *Contam rN+ MR+ Int+2}
   (You bought it in a shop on level 9 of the Dungeon)

   Attacks with this weapon are significantly faster.
   It affects your intelligence (+2).
   It protects you from negative energy.
   It affects your resistance to hostile enchantments.
   It causes magical contamination when unequipped.
 p - a +0 long sword
Missiles
 j - 2 curare-tipped darts
 v - 7 boomerangs (quivered)
 y - 37 poisoned darts
 B - 2 throwing nets
Armour
 c - a +5 scale mail (worn)
 h - a +0 cloak of invisibility (worn)
 n - a +0 pair of gloves (worn)
 t - a +0 plate armour of poison resistance
 F - a +0 helmet (worn)
 K - a +0 kite shield of positive energy (worn)
Jewellery
 I - a ring of see invisible (right hand)
 W - an uncursed ring of wizardry
Wands
 b - a wand of flame (15)
 r - a wand of polymorph (9)
 w - a wand of acid (2)
Scrolls
 g - 2 scrolls of identify
 k - 2 scrolls of immolation
 m - 2 scrolls of teleportation
 A - a scroll of amnesia
 E - 2 scrolls of blinking
Potions
 e - a potion of magic
 f - 2 potions of curing
 i - 3 potions of mutation
 q - 4 potions of flight
 s - a potion of stabbing
 x - a potion of berserk rage
 D - a potion of ambrosia
 G - a potion of resistance
 H - a potion of might
 J - a potion of cancellation
Comestibles
 d - 18 rations


   Skills:
 + Level 8.1 Fighting
 + Level 8.8 Long Blades
   Level 2.0 Maces & Flails
   Level 1.0 Bows
 - Level 5.1 Armour
 - Level 5.0 Dodging
 + Level 8.6 Shields
 - Level 5.0 Evocations


You had 10 spell levels left.
You didn't know any spells.
Your spell library was empty.

Dungeon Overview and Level Annotations

Branches:
Dungeon (9/15)             Temple (1/1) D:5
   Lair: D:8-11         Orc: D:9-12

Altars:
Ashenzari
Cheibriados
Dithmenos
Elyvilon
Fedhas
Gozag
Hepliaklqana
Kikubaaqudgha
Makhleb
Nemelex Xobeh
Okawaru
Qazlal
Ru
Sif Muna
Trog
Uskayaw
Vehumet
Wu Jian
Xom
Yredelemnul
Zin
The Shining One

Shops:
D:4 %   D:5 *   D:7 [*!(   D:9 (

Annotations:
Abyss:1 Dowan, Edmund, Maggie, Pikel


Innate Abilities, Weirdness & Mutations

[You are very clumsy. (Dex -4)]
[You sometimes yell uncontrollably at your foes.]


Message History

Evoke which item? (* to show all) (? for menu, Esc to quit)
Okay, then.
Unknown command.
A red film seems to cover your vision as you go berserk!
You feel yourself moving faster!
You feel mighty!
Tentacles burst from the starspawn's body! 2 starspawn tentacles come into view.
Unknown command.
You slice the tentacled starspawn!!
The tentacled starspawn is moderately damaged.
You slash the tentacled starspawn!
The tentacled starspawn is heavily damaged.
You block the tentacled starspawn's attack. x2
You slice the tentacled starspawn!!
The tentacled starspawn is severely damaged.
You completely miss the tentacled starspawn.
The tentacled starspawn is severely damaged.
The tentacled starspawn bites you!!
You die...
Your body crumbles into a pile of gold.

.. ..# ##
.# #§
..## #.
..≈ #.##
###.#
#....w..#
####X─##
#..@# .
$#
#.#..##
.###
...#.
.≈.. $
#...
.#..#.
#... .##.
. . #...
#. #.#.#
...# . .
.### .#


You could see a tentacled starspawn and a starspawn tentacle.

Vanquished Creatures
  Erica (D:8)
  A two-headed ogre (D:9)
  A queen bee (D:9)
  Prince Ribbit (D:7)
  A hippogriff (D:8)
  A wyvern (D:8)
  Menkaure (D:5)
  A neqoxec (Abyss:3)
  Duvessa (D:7)
  A large abomination (Abyss:3)
  A necrophage (D:9)
  4 centaurs
  3 ogres
  3 bullfrogs
  A big kobold (D:9)
  4 gnoll sergeants (D:5)
  3 scorpions
  18 killer bees
  2 howler monkeys
  4 crimson imps
  A centaur zombie (D:7)
  5 orc priests
  Crazy Yiuf (D:2)
  2 gnoll shamans (D:5)
  10 hounds
  2 jellies
  Jessica (D:2)
  4 orc wizards
  7 worker ants
  A hound skeleton (D:9)
  10 adders
  23 gnolls
  A howler monkey skeleton (D:8)
  2 shadow imps
  An ufetubus (Abyss:3)
  4 oozes
  An adder skeleton (D:6)
  5 worms
  3 dart slugs
  2 leopard geckos
  30 orcs
  10 bats
  5 giant cockroaches
  12 goblins
  14 hobgoblins
  15 jackals
  4 quokkas
  A ball python (D:3)
  3 frilled lizards
  A jackal skeleton (D:5)
  20 kobolds
  A leopard gecko zombie (D:6)
  4 rats
259 creatures vanquished.

Vanquished Creatures (others)
  A hungry ghost (D:9)
  2 slaves (D:8)
  An ogre (D:9)
  A wolf (D:5)
  A gnoll sergeant (D:5)
  A water moccasin skeleton (D:6)
  A killer bee (D:9)
  A howler monkey (D:9)
  A worker ant (D:6)
  5 gnolls
  An adder skeleton (D:7)
  A jackal (D:8)
17 creatures vanquished.

Grand Total: 276 creatures vanquished

Notes
Turn   | Place    | Note
-------+----------+-------------------------------------------
     0 | D:1      | Armakuni the Human Wanderer began the quest for the Orb.
     0 | D:1      | Armakuni set off with the following items: a +0 mace, a
                  | scroll of teleportation, a +2 scale mail, a ration
     0 | D:1      | Reached XP level 1. HP: 16/16 MP: 1/1
   205 | D:1      | Reached XP level 2. HP: 20/23 MP: 2/2
   316 | D:1      | Reached XP level 3. HP: 13/28 MP: 3/3
   812 | D:1      | Reached XP level 4. HP: 32/35 MP: 4/4
  1283 | D:2      | Reached skill level 1 in Long Blades
  1802 | D:2      | Noticed Jessica
  1804 | D:2      | Killed Jessica
  1804 | D:2      | Reached XP level 5. HP: 41/41 MP: 5/5
  1931 | D:2      | Found a runed translucent door,
  1932 | D:2      | Noticed Crazy Yiuf
  1943 | D:2      | Killed Crazy Yiuf
  2071 | D:3      | Reached XP level 6. HP: 38/47 MP: 5/7
  2520 | D:3      | Found a bloodstained altar of Trog,
  2522 | D:3      | Found a sacrificial altar of Ru,
  2825 | D:3      | Found a shimmering altar of Xom,
  2902 | D:4      | Found Cuxasag's Food Shoppe,
  2985 | D:4      | Got a brightly glowing robe
  2996 | D:4      | Identified the cursed +1 robe of the Dropbear {rF+} (You
                  | found it on level 4 of the Dungeon)
  3457 | D:5      | Entered Level 5 of the Dungeon
  3499 | D:5      | Reached XP level 7. HP: 40/52 MP: 9/9
  3596 | D:5      | Noticed Menkaure
  3679 | D:5      | Noticed Edmund
  3697 | D:5      | Banished Edmund
  3700 | D:5      | Reached skill level 5 in Long Blades
  3814 | D:5      | Killed Menkaure
  3814 | D:5      | Reached XP level 8. HP: 42/58 MP: 11/11
  3871 | D:5      | Reached skill level 5 in Evocations
  4099 | D:5      | Found a staircase to the Ecumenical Temple,
  4108 | Temple   | Entered the Ecumenical Temple
  4184 | Temple   | Became a worshipper of Gozag Ym Sagoz the Greedy
  4330 | D:5      | Reached skill level 5 in Armour
  4333 | D:5      | Reached skill level 5 in Fighting
  4343 | D:5      | Reached skill level 1 in Dodging
  4352 | D:5      | Reached XP level 9. HP: 34/68 MP: 12/12
  4365 | D:5      | Identified the cursed +3 dagger of Defiance {vorpal, rF+}
  4804 | D:5      | Found a burning altar of Makhleb,
  4900 | D:5      | Found Enaybaid's General Store,
  5302 | D:6      | Reached skill level 5 in Dodging
  5487 | D:6      | Noticed Maggie
  5580 | D:6      | Banished Maggie
  5843 | D:7      | Noticed Duvessa
  5845 | D:7      | Noticed Dowan
  5851 | D:7      | Killed Duvessa
  5853 | D:7      | Banished Dowan
  6248 | D:7      | Found Anomasergh's Antique Armour Shoppe,
  6252 | D:7      | Bought a runed kite shield for 210 gold pieces
  6296 | D:7      | Found Vuthet's Assorted Antiques,
  6302 | D:7      | Found Togaun's Antique Weapon Shop,
  6310 | D:7      | Bought a twisted great sword for 264 gold pieces
  6310 | D:7      | Identified the +3 great sword "Cute" {vorpal, rPois} (You
                  | bought it in a shop on level 7 of the Dungeon)
  6317 | D:7      | Noticed Prince Ribbit
  6320 | D:7      | Killed Prince Ribbit
  6320 | D:7      | Reached XP level 10. HP: 77/77 MP: 13/13
  6698 | D:7      | Found a blossoming altar of Fedhas,
  6765 | D:7      | Found Zepuucor's Distillery,
  6769 | D:7      | Reached skill level 5 in Shields
  6778 | D:7      | Bought a potion of degeneration for 14 gold pieces
  6868 | D:8      | Found a shattered altar of Ashenzari,
  6923 | D:8      | Noticed Pikel
  6929 | D:8      | Banished Pikel
  7085 | D:8      | Found an ornate altar of the Wu Jian Council,
  7455 | D:8      | Found a snail-covered altar of Cheibriados,
  7455 | D:8      | Noticed Erica
  7460 | D:8      | Killed Erica
  7701 | D:9      | Noticed a two-headed ogre
  8046 | D:9      | Killed a two-headed ogre
  8046 | D:9      | Reached XP level 11. HP: 84/84 MP: 14/14
  8219 | D:9      | Found a basalt altar of Yredelemnul,
  8424 | D:9      | Bought a crystal scimitar for 225 gold pieces
  8424 | D:9      | Identified the +7 scimitar "Doumpuf" {speed, *Contam rN+
                  | MR+ Int+2} (You bought it in a shop on level 9 of the
                  | Dungeon)
  8567 | D:9      | Cast into level 3 of the Abyss (a distortion unwield)
  8567 | Abyss:3  | Noticed a purple very ugly thing
  8567 | Abyss:3  | Noticed a glowing orange brain
  8567 | Abyss:3  | Noticed a purple very ugly thing
  8568 | Abyss:3  | Noticed an orange crystal statue
  8568 | Abyss:3  | Noticed a starcursed mass
  8568 | Abyss:3  | Noticed an orange crystal statue
  8572 | Abyss:3  | Noticed a cyan very ugly thing
  8702 | Abyss:3  | Noticed a naga warrior
  8703 | Abyss:3  | Noticed a naga warrior
  8738 | Abyss:3  | Noticed a starcursed mass
  8746 | Abyss:3  | Noticed a dire elephant
  8746 | Abyss:3  | Noticed a deep elf sorcerer
  8746 | Abyss:3  | Noticed a worldbinder
  8746 | Abyss:3  | Noticed a rakshasa
  8750 | Abyss:3  | Noticed a worldbinder
  8960 | Abyss:3  | Noticed a wretched star
  8972 | Abyss:3  | Noticed a tentacled starspawn
  8987 | Abyss:3  | Annihilated by a tentacled starspawn

Levels and vault maps discovered:
D:1:      co_arrival_random_square_maze, layout_loops_ring
D:2:      layout_loops_ring, minivault_5, palyth_stone_intersect, uniq_jessica,
          uniq_crazy_yiuf_cottage
D:3:      layout_rooms, xom_butterflies, nicolae_overflow_hidden_temple,
          serial_co_window_serial, co_window_corner_a, co_window_paths_a,
          co_window_corner_a, co_window_paths_a, co_window_paths_a,
          co_window_corner_a, co_window_corner_a, co_window_corner_a,
          co_window_corner_a, co_window_of_opportunity_b, co_window_broadway_c,
          co_window_cross_4, co_window_cross_2, co_window_2corner,
          co_window_broadway_b, glass_columns_c, glass_columns_a,
          chequers_serial_rivers_micro_a
D:4:      layout_basic, serial_shops, nicolae_shop_waterfront
D:5:      layout_cave_pools, old_standard_altar, minmay_temple_entry_glass,
          first_ration, serial_gnoll_camp, gnoll_camp_mini_sergeant,
          gnoll_camp_huts_basic, gnoll_camp_mini_doghouse, gnoll_camp_mini_shop,
          gnoll_camp_medium_02, gnoll_camp_mini_hut, uniq_edmund, uniq_menkaure
D:6:      layout_loops_ring, uniq_maggie
D:7:      corexii_shantytown, layout_cave_pools, serial_shops,
          nicolae_shop_stone, shop, nicolae_shop_trees,
          nicolae_shop_competitors_out_of_business, minmay_misc_feat_room,
          kennysheep_path_1, fedhas_altar_4, uniq_duvessa, uniq_prince_ribbit1
D:8:      layout_loops_ring, kennysheep_little_box, old_standard_altar,
          ashenzari_conservatory_becter, uniq_pikel, uniq_erica
D:9:      layout_rooms, nicolae_overflow_crystal_walls, david_nohive_1
Temple:   dshaligram_water_room_temple
Abyss:3:  base: D:6, minivault_5, doesnt_abyss_rune_brain_food, minivault_1,
          hangedman_abyss_or_decor_stabs, minivault_20,
          hangedman_shadowy_showcase, evilmike_abyss_rune_siren_acolytes,
          grunt_abyss_rune_forest_and_sorcery, hangedman_summoners_spam,
          hangedman_abyss_or_decor_stabs

Skill      XL: |  1  2  3  4  5  6  7  8  9 10 11 |
---------------+----------------------------------+-----
Fighting       | 3 5 6 7 8 |  8.1
Long Blades    | 2 3 4 5 6 7 8 |  8.8
Evocations     | 3 4 5 |  5.0
Armour         | 5 |  5.1
Dodging        | 1 5 |  5.0
Shields        | 3 8 |  8.6
Maces & Flails | |  2.0
Bows           | |  1.0

Action                   |  1- 3 |  4- 6 |  7- 9 | 10-12 || total
-------------------------+-------+-------+-------+-------++-------
Melee: Mace              |   118 |     2 |       |       ||   120
       Long sword        |       |   136 |   260 |   221 ||   617
       Scimitar          |       |       |       |    29 ||    29
Throw: Boomerang         |       |     3 |     3 |       ||     6
Invok: Potion Petition   |       |       |       |     1 ||     1
       Call Merchant     |       |       |       |     1 ||     1
 Abil: Evoke Invisibilit |       |       |     3 |     1 ||     4
Evoke: Wand              |       |     2 |     3 |    13 ||    18
  Use: Scroll            |     3 |    11 |     9 |    10 ||    33
       Potion            |     2 |       |     1 |     7 ||    10
 Stab: Sleeping          |       |     1 |       |       ||     1
       Invisible         |       |       |     8 |     3 ||    11
       Distracted        |       |       |     1 |       ||     1
  Eat: Chunk             |       |     9 |     3 |       ||    12
       Ration            |       |       |     2 |     3 ||     5
Armor: Scale mail        |    82 |    72 |   156 |    79 ||   389
       Skin              |    24 |       |       |    24 ||    48
       Robe              |       |     7 |     1 |       ||     8
Dodge: Dodged            |    37 |    64 |   165 |   106 ||   372
Block: Kite shield       |       |       |       |    91 ||    91
       Rpst.: Long sword |       |    15 |    43 |    30 ||    88
       Scimitar          |       |       |       |     2 ||     2

Table legend:
 A = Non-vault XP
 B = Vault XP
 C = Vault XP percentage of total XP
 D = Non-vault monster count
 E = Vault monster count
 F = Vault count percentage of total count
                 A         B        C        D         E       F
            +---------+---------+-------+---------+---------+-------
      Total |    5505 |    4753 |  46.3 |     188 |      90 |  32.4
            +---------+---------+-------+---------+---------+-------
        D:1 |      71 |       0 |   0.0 |      29 |       0 |   0.0
        D:2 |      57 |      77 |  57.5 |      17 |       2 |  10.5
        D:3 |     138 |       0 |   0.0 |      29 |       0 |   0.0
        D:4 |     131 |       2 |   1.5 |       8 |       1 |  11.1
        D:5 |     375 |    1412 |  79.0 |      16 |      43 |  72.9
        D:6 |     601 |     249 |  29.3 |      22 |       1 |   4.3
        D:7 |    1003 |     526 |  34.4 |      20 |      25 |  55.6
        D:8 |    1048 |    1274 |  54.9 |      25 |       2 |   7.4
        D:9 |    1755 |    1213 |  40.9 |      19 |      16 |  45.7
    Abyss:3 |     326 |       0 |   0.0 |       3 |       0 |   0.0
            +---------+---------+-------+---------+---------+-------
